 Dungeon Crawl Stone Soup version 0.30-a0-34-gbe8da3892a (webtiles) character file.

Game seed: 6679892602349044717

4293 flotson the Trooper (level 10, -7/77 HPs)
             Began as a Demonspawn Delver on Aug 27, 2022.
             Was an Initiate of Gozag.
             Mangled by a wraith (8 damage)
             ... on level 9 of the Dungeon.
             The game lasted 00:12:49 (9656 turns).

flotson the Trooper (Demonspawn Delver)             Turns: 9656, Time: 00:12:49

Health: -7/77      AC: 17    Str: 17    XL:     10   Next: 11%
Magic:  10/10      EV: 13    Int: 11    God:    Gozag
Gold:   892        SH:  0    Dex: 15    Spells: 9/9 levels left

rFire   + . .      SeeInvis .    p - +1 whip (distort)
rCold   . . .      Faith    .    (no shield)
rNeg    . . .      Spirit   .    l - +0 ring mail
rPois   .          Reflect  .    H - +0 helmet
rElec   .          Harm     .    G - +0 cloak
rCorr   .          Rampage  .    m - +0 pair of gloves
Will    .....                    z - +0 pair of boots
Stlth   ++........               (no amulet)
HPRegen 0.22/turn                j - ring of protection from fire
MPRegen 0.12/turn                C - +4 ring of protection

@: slowed, very slow
A: foul stench 2, powered by death 1, sharp scales 2
a: Renounce Religion, Potion Petition, Call Merchant, Bribe Branch


You were on level 9 of the Dungeon.
You worshipped Gozag.
Gozag was pleased with you.
You visited 2 branches of the dungeon, and saw 10 of its levels.

You collected 967 gold pieces.
You paid 75 gold pieces to Gozag.

Inventory:

Hand Weapons
 a - a +0 hand axe
 b - a +0 sling
 o - a +1 dagger of venom
 p - a +1 whip of distortion (weapon)
Missiles
 f - 15 javelins
 r - 2 throwing nets
 F - 25 poisoned darts
 K - a silver boomerang
 O - 2 curare-tipped darts
Armour
 l - a +0 ring mail (worn)
 m - a +0 pair of gloves (worn)
 z - a +0 pair of boots (worn)
 G - a +0 cloak (worn)
 H - a +0 helmet (worn)
Jewellery
 j - a ring of protection from fire (left hand)
 x - a ring of protection from cold
 C - a +4 ring of protection (right hand)
 E - a ring of positive energy
Wands
 g - a wand of digging (2)
 w - a wand of paralysis (9)
Scrolls
 c - a scroll of fog
 d - 2 scrolls of magic mapping
 h - 6 scrolls of teleportation
 i - 4 scrolls of immolation {unknown}
 k - a scroll of noise {unknown}
 t - 4 scrolls of identify {unknown}
 y - 5 scrolls of enchant weapon
 A - a scroll of enchant armour {unknown}
 J - a scroll of poison {unknown}
 M - a scroll of butterflies {unknown}
 N - a scroll of silence {unknown}
Potions
 n - 3 potions of heal wounds
 q - a potion of flight {unknown}
 s - a potion of mutation {unknown}
 u - 4 potions of curing {unknown}
 v - a potion of brilliance {unknown}
 B - 3 potions of haste
 D - 2 potions of might
 I - a potion of magic {unknown}
 L - a potion of ambrosia {unknown}


   Skills:
 + Level 6.7 Fighting
 + Level 5.7 Axes
 + Level 5.3 Throwing
 + Level 5.2 Armour
 + Level 5.7 Dodging
 - Level 4.5 Stealth
 + Level 6.0 Evocations


You had 9 spell levels left.
You didn't know any spells.
Your spell library contained the following spells:

 Spells                   Type           Power      Damage    Failure   Level
 Magic Dart               Conj           0%         1d3       52%         1
 Blink                    Tloc           0%         N/A       67%         2
 Searing Ray              Conj           0%         2d4       67%         2
 Stone Arrow              Conj/Erth      0%         3d7       88%         3
 Animate Armour           Summ/Erth      0%         N/A       99%         4
 Fulminant Prism          Conj/Hex       0%         3d6       99%         4
 Iskenderun's Mystic Bla  Conj/Tloc      0%         2d3       99%         4
 Lee's Rapid Deconstruct  Erth           0%         3d5*      100%        5
 Manifold Assault         Tloc           0%         N/A       100%        5
 Storm Form               Tmut/Air       0%         N/A       100%        7
 Lehudib's Crystal Spear  Conj/Erth      0%         10d2      100%        8


Dungeon Overview and Level Annotations

Branches:
Dungeon (9/15)             Temple (1/1) D:5
   Lair: D:8-11         Orc: D:9-12

Altars:
Ashenzari
Cheibriados
Dithmenos
Fedhas
Gozag
Hepliaklqana
Kikubaaqudgha
Nemelex Xobeh
Okawaru
Qazlal
Ru
Sif Muna
Trog
Uskayaw
Vehumet
Xom
Yredelemnul

Annotations:
Abyss:1 Terence


Innate Abilities, Weirdness & Mutations

You sometimes emit foul miasma when damaged in melee.
You regenerate a little health from kills.
You are mostly covered in razor-sharp scales. (AC +2, Slay +2)


Message History

No target in view!
No target in view!
No target in view!
No target in view!
No target in view!
You now have 892 gold pieces (gained 5).
A wraith comes into view.
A two-headed ogre comes into view. It is wielding two +0 giant clubs.
You hit the wraith but do no damage.
Space warps horribly around the wraith!
The wraith is moderately damaged.
A centaur comes into view.
The wraith hits you! The wraith drains your vigour!
You feel yourself slow down.
The centaur shouts!
You hit the wraith but do no damage.
Space warps around the wraith.
The wraith is moderately damaged.
A bullfrog comes into view.
The centaur wields a +0 shortbow.
The centaur shoots an arrow.
The arrow misses you.
The bullfrog is distracted by your dazzling golden aura.
The wraith hits you but does no damage.
The centaur shoots an arrow.
The arrow hits you. The wraith hits you.
The two-headed ogre hits you with a +0 giant club!
The two-headed ogre barely misses you. The wraith attacks as you move away!
The wraith closely misses you.
The centaur shoots an arrow.
The arrow hits you but does no damage.
The centaur shoots an arrow.
The arrow hits you but does no damage. The wraith hits you.
The wraith drains your vigour!
You feel as though you will be slow longer.
The centaur shoots an arrow.
The arrow hits you.
The two-headed ogre hits you with a +0 giant club!!
* * * LOW HITPOINT WARNING * * *
The two-headed ogre hits you with a +0 giant club!
* * * LOW HITPOINT WARNING * * *
The wraith attacks as you move away! The wraith barely misses you.
The wraith hits you but does no damage. The wraith attacks as you move away!
The wraith hits you!
You die...
Your body crumbles into a pile of gold.

....................
.......................
.......................
.............#.........
....................:..
.......................
...........O...........
#........@W.....>.....
#.....<..)............
#............c........
#...............F.....
#....<...............F
#.....................
#.##...............F..
...#.....#.............
.# ......#.......##....


You could see a two-headed ogre, a wraith, a bullfrog (wandering) and a centaur.

Vanquished Creatures
  Pikel (D:5)
  A basilisk (D:8)
  4 steam dragons
  2 orc warriors
  An ice beast (D:7)
  A sky beast (D:7)
  2 ogres
  2 centaurs
  A lemure (D:5)
  A kobold brigand (D:8)
  2 bullfrogs
  A gnoll sergeant (D:8)
  A necrophage (D:7)
  3 scorpions
  2 jellies
  10 howler monkeys
  3 orc priests
  3 hounds
  An iguana (D:6)
  4 orc wizards
  7 gnolls
  9 adders
  A shadow imp (D:5)
  2 white imps
  A worm (D:4)
  3 dart slugs (D:1)
  28 orcs
  4 ball pythons
  5 endoplasms
  11 giant cockroaches (D:2)
  14 goblins
  10 hobgoblins
  24 kobolds
  3 quokkas
  5 bats
  4 frilled lizards (D:1)
  6 rats
183 creatures vanquished.

Vanquished Creatures (others)
  A human (D:7)
  An adder (D:6)
  A plant (Temple)
3 creatures vanquished.

Grand Total: 186 creatures vanquished

Notes
Turn   | Place    | Note
-------+----------+-------------------------------------------
     0 | D:5      | flotson the Demonspawn Delver began the quest for the Orb.
     0 | D:5      | Reached XP level 1. HP: 18/18 MP: 1/1
    41 | D:5      | Found a staircase to the Ecumenical Temple.
    52 | Temple   | Entered the Ecumenical Temple
   145 | D:5      | Noticed a jelly
   229 | D:5      | Noticed an ogre
   301 | D:4      | Gained mutation: You are partially covered in razor-sharp
                  | scales. (AC +1, Slay +1) [demonic ancestry]
   301 | D:4      | Reached XP level 2. HP: 16/24 MP: 2/2
  1222 | D:4      | Reached skill level 1 in Evocations
  1224 | D:4      | Gained mutation: You may rarely emit foul miasma when
                  | damaged in melee. [demonic ancestry]
  1224 | D:4      | Reached XP level 3. HP: 29/29 MP: 3/3
  1446 | D:4      | Reached skill level 1 in Armour
  1738 | D:4      | Reached XP level 4. HP: 26/35 MP: 4/4
  1977 | D:2      | Reached skill level 1 in Throwing
  2070 | D:2      | Gained mutation: You regenerate a little health from kills.
                  | [demonic ancestry]
  2070 | D:2      | Reached XP level 5. HP: 38/41 MP: 5/5
  2620 | D:1      | Found a faded altar of an unknown god.
  3036 | D:2      | Found an ancient bone altar of Kikubaaqudgha.
  3803 | D:3      | Noticed Terence
  3813 | D:3      | Banished Terence
  3910 | D:3      | Found a shadowy altar of Dithmenos.
  3998 | D:3      | Reached XP level 6. HP: 47/48 MP: 6/6
  4264 | D:5      | Found a hazy altar of Hepliaklqana.
  4434 | D:5      | Found a sacrificial altar of Ru.
  4919 | Temple   | Became a worshipper of Gozag Ym Sagoz the Greedy
  4954 | D:5      | Reached XP level 7. HP: 35/54 MP: 7/7
  6273 | D:6      | Noticed a steam dragon
  6273 | D:6      | Noticed Pikel
  6391 | D:5      | Killed Pikel
  6392 | D:5      | Reached skill level 5 in Fighting
  6392 | D:5      | Reached XP level 8. HP: 52/62 MP: 8/8
  6550 | D:6      | Found a shimmering blue altar of Sif Muna.
  6742 | D:6      | Found a radiant altar of Vehumet.
  7019 | D:7      | Found a snail-covered altar of Cheibriados.
  7192 | D:7      | Gained mutation: You are mostly covered in razor-sharp
                  | scales. (AC +2, Slay +2) [demonic ancestry]
  7192 | D:7      | Reached XP level 9. HP: 63/68 MP: 9/9
  7618 | D:7      | Reached skill level 5 in Evocations
  7764 | D:7      | Found an ancient bone altar of Kikubaaqudgha.
  7873 | D:8      | Reached skill level 5 in Dodging
  7919 | D:8      | Reached skill level 5 in Axes
  8486 | D:8      | Noticed a two-headed ogre
  8492 | D:8      | Banished a two-headed ogre
  8493 | D:8      | Reached skill level 5 in Throwing
  8493 | D:8      | Reached skill level 5 in Armour
  8535 | D:8      | Gained mutation: You sometimes emit foul miasma when
                  | damaged in melee. [demonic ancestry]
  8535 | D:8      | Reached XP level 10. HP: 50/77 MP: 10/10
  9646 | D:9      | Noticed a two-headed ogre
  9654 | D:9      | HP: 1/77 [two-headed ogre/+0 giant club (13)]
  9656 | D:9      | Mangled by a wraith

Illustrated notes

Levels and vault maps discovered:
D:1:      lemuel_arrival_tunnels, layout_basic,
          shapermc_ecumenical_altar_starsandcircs
D:2:      minmay_roachtagon, layout_basic, basic_altar, serial_glass,
          glass_columns_a, glass_columns_a, glass_columns_b, glass_columns_a,
          glass_columns_c, glass_columns_b, glass_columns_a, glass_columns_a,
          nicolae_kite_square_tiling_tiny, minmay_misc_feat_doors,
          grunt_ministairs_9, nicolae_elevator_lobby_asterisk
D:3:      layout_basic, grunt_dithmenos_smoke, feat_on_display, uniq_terence
D:4:      corexii_shantytown, layout_basic, minmay_misc_feat_rugged
D:5:      layout_basic, nicolae_overflow_hidden_temple,
          mainiacjoe_overflow_six_doors_small, nicolae_ru_awakened_eye,
          minmay_temple_entry_slanted
D:6:      layout_rooms, lemuel_round_altar, mainiacjoe_overflow_alcove_1,
          mainiacjoe_overflow_paths, uniq_pikel
D:7:      layout_rooms, mainiacjoe_overflow_alcove_4, tgw_kikubaaqudgha,
          mainiacjoe_overflow_cross_hatched
D:8:      layout_rooms, corexii_corridor_pit
D:9:      nzn_winding_woodlands_three_and_one
          [nzn_winding_woodlands_5x15_pathside_ponds,
          nzn_winding_woodlands_5x15_lazy_stream,
          nzn_winding_woodlands_5x15_garden,
          nzn_winding_woodlands_center_diamonds], layout_cross,
          nicolae_shop_clearance
Temple:   nicolae_temple_godpark

Skill      XL: |  1  2  3  4  5  6  7  8  9 10 |
---------------+-------------------------------+-----
Axes           | 2 3 4 5 |  5.7
Dodging        | 2 3 4 5 |  5.7
Evocations     | 1 2 3 4 5 6 |  6.0
Armour         | 1 2 3 4 5 |  5.2
Throwing       | 1 2 3 4 5 |  5.3
Fighting       | 4 5 6 |  6.7
Stealth        | |  4.5

Action                   |  1- 3 |  4- 6 |  7- 9 | 10-12 || total
-------------------------+-------+-------+-------+-------++-------
Melee: Hand axe          |    51 |       |       |       ||    51
       Whip              |    14 |   212 |   348 |    49 ||   623
       Dagger            |     3 |       |       |       ||     3
       Punch             |       |     2 |     5 |     1 ||     8
 Fire: Sling             |    21 |       |       |       ||    21
Evoke: Wand              |     1 |       |       |       ||     1
  Use: Potion            |     1 |       |       |       ||     1
       Scroll            |       |       |     1 |     3 ||     4
 Stab: Sleeping          |     4 |    12 |     4 |       ||    20
       Distracted        |       |       |     2 |       ||     2
Armor: Ring mail         |    29 |    95 |   200 |    68 ||   392
       Leather armour    |     1 |       |       |       ||     1
Dodge: Dodged            |    41 |    91 |   261 |    85 ||   478

Table legend: (Time is in decaauts)
 A = Elapsed time spent in this place.
 B = Non-inter-level travel time spent in this place.
 C = Inter-level travel time spent in this place.
 D = Time resting spent in this place.
 E = Time spent auto-exploring this place.
 F = Levels seen in this place.
 G = Mean time per level.
                   A        B        C        D        E       F      G
               +--------+--------+--------+--------+--------+-----+--------+
         Total |   9669 |   8948 |    721 |   1255 |   5950 |  10 |  966.9 |
       Dungeon |   9557 |   8866 |    691 |   1255 |   5908 |   9 | 1061.9 |
        Temple |    112 |     82 |     30 |      0 |     42 |   1 |  112.0 |
               +--------+--------+--------+--------+--------+-----+--------+

Top non-repeatable levels by time:
     D:4: 2371 daAuts
     D:5: 1572 daAuts
     D:7: 1325 daAuts
     D:8: 1268 daAuts
     D:2: 1028 daAuts
     D:3: 673 daAuts
     D:6: 646 daAuts
     D:1: 608 daAuts
  Temple: 112 daAuts
     D:9: 61 daAuts
